 Dungeon Crawl Stone Soup version 0.20.1-1-g8b1a95d (webtiles) character file.

9742 FollowTheCloud the Basher (level 11, -2/100 HPs)
             Began as a Minotaur Gladiator on Oct 23, 2017.
             Was an Elder of Yredelemnul.
             Killed by drain life
             ... invoked by a soul eater
             ... summoned by Frances
              (13 damage)
             ... on level 12 of the Dungeon.
             The game lasted 00:30:34 (14472 turns).

FollowTheCloud the Basher (Minotaur Gladiator)     Turns: 14472, Time: 00:30:34

Health: -2/100     AC: 12    Str: 20    XL:     11   Next: 27%
Magic:  14/14      EV: 16    Int:  5    God:    Yredelemnul [****..]
Gold:   680        SH:  0    Dex: 14    Spells: 10/10 levels left

rFire    . . .     SeeInvis .   b - -3 dire flail (curse)
rCold    . . .     Gourm    .   (shield currently unavailable)
rNeg     . . .     Faith    .   x - +1 scale mail (curse)
rPois    .         Spirit   .   c - +0 hat
rElec    .         Reflect  .   H - +1 cloak
rCorr    .         Harm     .   (no gloves)
MR       .....                  (no boots)
Stlth    ..........             (no amulet)
Regen    0.3/turn               (no ring)
MPRegen  0.2/turn               (no ring)

@: no status effects
A: retaliatory headbutt, horns 2
a: Recall Undead Slaves, Injury Mirror, Animate Dead, Drain Life, Renounce
Religion


You were on level 12 of the Dungeon.
You worshipped Yredelemnul.
Yredelemnul was greatly pleased with you.
You were not hungry.

You visited 2 branches of the dungeon, and saw 13 of its levels.

You collected 680 gold pieces.

Inventory:

Hand Weapons
 b - a cursed -3 dire flail (weapon)
 i - a +0 whip of electrocution
Missiles
 d - 6 throwing nets (quivered)
Armour
 c - a +0 hat (worn)
 x - a cursed +1 scale mail (worn)
 H - a +1 cloak (worn)
Jewellery
 e - a cursed amulet of inaccuracy {unknown}
 n - an uncursed ring of ice {unknown}
 s - a cursed ring of teleportation {unknown}
 C - a +3 ring of dexterity {unknown}
 G - an uncursed ring of protection from magic {unknown}
Wands
 m - a wand of flame (9/48)
 F - a wand of flame (25/48)
 I - a wand of acid (8/15)
 J - a wand of paralysis (8/24)
 N - a wand of disintegration (11/24)
 P - a wand of lightning (10/15)
Scrolls
 h - 6 scrolls of identify
 o - 3 scrolls of enchant weapon
 q - 3 scrolls of teleportation
 v - 2 scrolls of noise
 E - 2 scrolls of amnesia
 M - 2 scrolls of magic mapping
Potions
 g - 2 potions of magic {unknown}
 j - 2 potions of heal wounds {unknown}
 l - 3 potions of flight
 p - 2 potions of invisibility {unknown}
 r - 3 potions of agility {unknown}
 u - 4 potions of curing {unknown}
 w - 2 potions of ambrosia {unknown}
 A - a potion of degeneration {unknown}
 B - a potion of haste {unknown}
 D - 2 potions of mutation {unknown}
 K - a potion of lignification {unknown}
 O - a potion of brilliance {unknown}
Books
 t - a book of Minor Magic

   Spells                             Type                      Level
   a - Magic Dart                     Conjuration                  1
   b - Blink                          Translocation                2
   c - Call Imp                       Summoning                    2
   d - Slow                           Hexes                        2
   e - Conjure Flame                  Conjuration/Fire             3
   f - Mephitic Cloud                 Conjuration/Poison/Air       3
 y - a book of Flames

   Spells                             Type                      Level
   a - Flame Tongue                   Conjuration/Fire             1
   b - Throw Flame                    Conjuration/Fire             2
   c - Conjure Flame                  Conjuration/Fire             3
   d - Inner Flame                    Hexes/Fire                   3
   e - Sticky Flame                   Conjuration/Fire             4
   f - Fireball                       Conjuration/Fire             5
Miscellaneous
 L - a phantom mirror
Comestibles
 a - 2 meat rations
 f - 4 bread rations
 k - 5 royal jellies
 z - 5 fruits


   Skills:
 + Level 10.2 Fighting
 + Level 10.7 Maces & Flails
 - Level 2.0 Throwing
 + Level 9.7 Armour
 + Level 9.9 Dodging
 + Level 5.7 Invocations


You had 10 spell levels left.
You didn't know any spells.

Dungeon Overview and Level Annotations

Branches:
Dungeon (12/15)            Temple (1/1) D:4             Orc (0/2) D:10
   Lair: D:8-11

Altars:
Ashenzari
Cheibriados
Dithmenos
Elyvilon
Fedhas
Gozag
Hepliaklqana
Kikubaaqudgha
Makhleb
Nemelex Xobeh
Okawaru
Qazlal
Ru
Sif Muna
Trog
Uskayaw
Vehumet
Xom
Yredelemnul
Zin
The Shining One

Shops:
D:5 }   D:6 *

Annotations:
D:2 Sigmund
D:12 Frances


Innate Abilities, Weirdness & Mutations

You reflexively headbutt those who attack you in melee.
You have a pair of horns on your head.


Message History

Frances screams a word of power!
As you read the scroll of teleportation, it crumbles to dust.
You feel strangely unstable. Frances barely misses you.
The sixfirhy closely misses you. Frances misses you. The sixfirhy misses you.
Frances says, "I command an army of devils.
What do you command?" Frances hits you with a hand axe!
* * * LOW HITPOINT WARNING * * *
The sixfirhy hits you.
* * * LOW HITPOINT WARNING * * *
The sixfirhy shocks you!
* * * LOW HITPOINT WARNING * * *
The sixfirhy closely misses you. The sixfirhy barely misses you.
You furiously retaliate!
You headbutt the sixfirhy. The sixfirhy barely misses you.
Frances mutters in a terrible tongue.
The shard of ice misses you.
Your surroundings seem slightly different.
The soul eater draws from the surrounding life force!
You die...
Your body rises from the dead as a mindless zombie.

#......#
######'##
##.3....#
#..###### ##.##
#..#
##'###########
#............#
#.........@..#
#...3..@.....#
+....3.......#
#....4.......#
.
#..ยง.........#
#########'####
####..# ###
####....## ..#
#.)).####


You could see Frances, a soul eater, a sixfirhy and a chaos spawn.

Vanquished Creatures
  Erolcha (D:9)
  A death yak (D:8)
  A cyclops (D:11)
  A centaur skeleton (D:10)
  The ghost of FollowTheCloud the Skirmisher, a novice GrFi (D:5)
  A polar bear (D:8)
  A hippogriff (D:10)
  A wyvern (D:8)
  6 yaks
  Edmund (D:5)
  A hungry ghost (D:10)
  A soldier ant (D:10)
  4 sky beasts
  2 orc warriors
  3 ice beasts
  2 phantoms
  2 necrophages
  5 ogres
  3 wolves
  3 centaurs
  A big kobold (D:10)
  The ghost of McKennaii the Gusty, an amateur TeAE (D:3)
  5 bullfrogs
  Blork the orc (D:5)
  2 scorpions
  3 killer bees (D:6)
  A wight (D:10)
  10 howler monkeys
  6 electric eels (D:11)
  A crimson imp (D:6)
  2 bullfrog zombies
  6 orc priests
  A centaur zombie (D:6)
  6 hounds
  2 jellies (D:10)
  12 orc wizards
  A bullfrog skeleton (D:6)
  An iguana (D:4)
  13 worker ants
  Natasha (thrice) (D:2)
  Terence (D:2)
  A worker ant zombie (D:10)
  A howler monkey zombie (D:8)
  20 adders
  10 gnolls
  A howler monkey skeleton (D:5)
  A shadow imp (D:7)
  A white imp (D:8)
  An ooze (D:2)
  6 worms
  2 adder skeletons
  4 dart slugs
  4 leopard geckos
  36 orcs
  3 ball pythons
  5 giant cockroaches
  13 goblins
  6 hobgoblins
  A jackal (D:7)
  7 kobolds
  3 quokkas
  13 bats
  7 frilled lizards
  A quokka skeleton (D:7)
  A quokka zombie (D:7)
  11 rats
279 creatures vanquished.

Vanquished Creatures (collateral kills)
  A hungry ghost (D:9)
  A phantom (D:7)
  An ogre (D:7)
  A killer bee (D:9)
  2 wights (D:9)
  3 electric eels (D:8)
  A crimson imp (D:9)
  A jelly (D:9)
  2 hounds
  An orc wizard (D:9)
  A mummy (D:7)
  2 gnolls
  3 adders
  2 white imps (D:8)
  An adder simulacrum (D:8)
  An orc (D:9)
  A jackal (D:7)
  A rat zombie (D:7)
26 creatures vanquished.

Vanquished Creatures (others)
  A polar bear zombie (D:8)
  A wight (D:11)
  A wolf zombie (D:8)
  A killer bee zombie (D:6)
  An ogre zombie (D:7)
  A howler monkey zombie (D:7)
  A gnoll (D:8)
  3 ufetubi (D:8)
  3 orc zombies
  A leopard gecko zombie (D:7)
14 creatures vanquished.

Grand Total: 319 creatures vanquished

Notes
Turn   | Place    | Note
-------+----------+-------------------------------------------
     0 | D:1      | FollowTheCloud the Minotaur Gladiator began the quest for the Orb.
     0 | D:1      | Reached XP level 1. HP: 18/18 MP: 0/0
   112 | D:1      | Reached skill level 1 in Armour
   140 | D:1      | Reached XP level 2. HP: 21/25 MP: 1/1
   708 | D:2      | Reached XP level 3. HP: 31/31 MP: 2/2
   811 | D:2      | Noticed Sigmund
  1070 | D:2      | Noticed Natasha
  1079 | D:2      | Killed Natasha
  1079 | D:2      | Reached XP level 4. HP: 4/38 MP: 3/3
  1622 | D:2      | Noticed Natasha
  1632 | D:2      | Killed Natasha
  1632 | D:2      | Reached XP level 5. HP: 42/46 MP: 4/4
  1683 | D:2      | Noticed Natasha
  1714 | D:2      | Killed Natasha
  1969 | D:2      | Noticed Terence
  2015 | D:2      | Killed Terence
  2015 | D:2      | Reached skill level 5 in Maces & Flails
  2607 | D:3      | Reached XP level 6. HP: 51/53 MP: 5/5
  2904 | D:3      | Noticed McKennaii's ghost (amateur TeAE)
  2914 | D:3      | Killed McKennaii's ghost
  2914 | D:3      | Reached skill level 5 in Dodging
  3289 | D:4      | Found a staircase to the Ecumenical Temple.
  3317 | Temple   | Entered the Ecumenical Temple
  3373 | Temple   | Became a worshipper of Yredelemnul the Dark
  3474 | D:4      | Reached skill level 5 in Fighting
  3474 | D:4      | Reached XP level 7. HP: 40/61 MP: 6/6
  4044 | D:4      | Found a shadowy altar of Dithmenos.
  4251 | D:4      | Found a deep blue altar of Sif Muna.
  4422 | D:4      | Reached skill level 5 in Armour
  4562 | D:4      | Found a radiant altar of Vehumet.
  4821 | D:5      | Entered Level 5 of the Dungeon
  4822 | D:5      | Found Oqemieme's Gadget Emporium.
  4840 | D:5      | Noticed Edmund
  4850 | D:5      | Killed Edmund
  4850 | D:5      | Reached XP level 8. HP: 53/70 MP: 7/7
  4879 | D:5      | Noticed FollowTheCloud's ghost (novice GrFi)
  5192 | D:5      | Found an iron altar of Okawaru.
  5214 | D:5      | Noticed Blork the orc
  5229 | D:5      | Killed Blork the orc
  5904 | D:5      | Killed FollowTheCloud's ghost
  6268 | D:6      | Found Oshem's Assorted Antiques.
  6291 | D:6      | Reached * piety under Yredelemnul
  6296 | D:6      | Reached XP level 9. HP: 74/79 MP: 8/8
  6706 | D:6      | Reached skill level 1 in Invocations
  6956 | D:6      | Found a white marble altar of Elyvilon.
  7724 | D:7      | Reached ** piety under Yredelemnul
  7991 | D:7      | Found a snail-covered altar of Cheibriados.
  8513 | D:7      | Found a blossoming altar of Fedhas.
  9259 | D:8      | Found an opulent altar of Gozag.
  9302 | D:8      | Reached XP level 10. HP: 90/90 MP: 11/11
  9304 | D:8      | Noticed a death yak
  9353 | D:8      | Killed a death yak
  9416 | D:8      | Reached *** piety under Yredelemnul
  9573 | D:8      | Found a sparkling altar of Nemelex Xobeh.
 10662 | D:9      | Noticed Erolcha
 10676 | D:9      | Paralysed by Erolcha for 3 turns
 10706 | D:9      | Killed Erolcha
 10992 | D:9      | Found a shattered altar of Ashenzari.
 11046 | D:9      | Reached skill level 10 in Maces & Flails
 11761 | D:10     | Entered Level 10 of the Dungeon
 11794 | D:9      | Reached skill level 5 in Invocations
 11958 | D:10     | Found a staircase to the Orcish Mines.
 11995 | D:10     | Reached skill level 10 in Fighting
 12062 | D:10     | Reached **** piety under Yredelemnul
 12062 | D:10     | Reached XP level 11. HP: 54/99 MP: 13/13
 12491 | D:10     | Received a gift from Yredelemnul (a wight)
 14440 | D:12     | Noticed Frances
 14453 | D:12     | Noticed a soul eater
 14469 | D:12     | Noticed a sixfirhy
 14472 | D:12     | Killed from afar by a soul eater

Skill      XL: |  1  2  3  4  5  6  7  8  9 10 |
---------------+-------------------------------+-----
Armour         | 1 2 3 4 5 6 7 9 |  9.7
Fighting       | 3 4 5 6 7 8 10 | 10.2
Maces & Flails | 4 5 6 7 9 10 | 10.7
Dodging        | 4 5 6 7 8 9 |  9.9
Invocations    | 3 5 |  5.7
Throwing       | |  2.0

Action                   |  1- 3 |  4- 6 |  7- 9 | 10-12 || total
-------------------------+-------+-------+-------+-------++-------
Melee: Flail             |    30 |       |       |       ||    30
       Headbutt          |     4 |    30 |    93 |    94 ||   221
       Whip              |    27 |   153 |   111 |       ||   291
       Dire flail        |       |       |   306 |   354 ||   660
Invok: Animate Remains   |       |       |    10 |     2 ||    12
       Recall Undead Sla |       |       |     4 |       ||     4
       Animate Dead      |       |       |       |     7 ||     7
Evoke: Wand              |       |       |     6 |       ||     6
  Use: Scroll            |       |       |     5 |     3 ||     8
 Stab: Distracted        |       |       |       |     1 ||     1
  Eat: Chunk             |       |     7 |    22 |    19 ||    48
       Meat ration       |       |       |       |     1 ||     1
Armor: Leather armour    |    15 |    30 |     9 |       ||    54
       Scale mail        |       |       |   100 |   103 ||   203
Dodge: Dodged            |    53 |    96 |   306 |   245 ||   700
